 Dungeon Crawl Stone Soup version 0.17-a0-1447-g3d113ad (webtiles) character file.

62 Chiseanne the Skirmisher (level 3, -3/31 HPs)
             Began as a Demonspawn Wanderer on June 29, 2015.
             Slain by an ice beast (13 damage)
             ... on level 3 of the Dungeon.
             The game lasted 00:04:40 (1584 turns).

Chiseanne the Skirmisher (Demonspawn Wanderer)      Turns: 1584, Time: 00:04:40

Health: -3/31      AC:  5    Str: 12    XL:     3   Next: 85%
Magic:  3/3        EV: 11    Int: 11    God:
Gold:   65         SH:  0    Dex: 15    Spells: 0 memorised, 2 levels left

rFire  . . .     SeeInvis .     w - +0 hand crossbow
rCold  . . .     Clarity  .     g - +0 ring mail
rNeg   . . .     SustAt   .     (no shield)
rPois  .         Gourm    .     (no helmet)
rElec  .         Spirit   .     (no cloak)
rCorr  .         Warding  .     (no gloves)
rMut   .         Stasis   .     (no boots)
MR     .....                    (no amulet)
Stlth  +.........               (no ring)
                                (no ring)

@: not resistant to hostile enchantments, very unstealthy
A: powered by death 1
a: no special abilities


You were on level 3 of the Dungeon.
You were not hungry.

You visited 1 branch of the dungeon, and saw 3 of its levels.

You collected 65 gold pieces.

Inventory:

Hand weapons
 a - a +2 falchion
 w - a +0 hand crossbow (weapon)
Missiles
 b - 19 sling bullets
 c - 43 bolts
 i - a bolt of flame (quivered)
 k - 3 sling bullets of frost
 l - 13 poisoned needles
Armour
 g - a +0 ring mail (worn)
Jewellery
 e - an uncursed ring of ice
 h - an uncursed ring of poison resistance {unknown}
Potions
 d - 2 potions of curing
 m - a potion of ambrosia {unknown}
Comestibles
 f - 3 bread rations
 j - a meat ration


   Skills:
 + Level 4.5 Fighting
 - Level 1.0 Long Blades
 - Level 1.7 Crossbows
 * Level 1.7 Armour
 + Level 2.0 Dodging
 - Level 1.0 Stealth
   Level 1.0 Evocations


You had 2 spell levels left.
You didn't know any spells.

Dungeon Overview and Level Annotations

Branches:
Dungeon (3/15)

Altars:
Vehumet


Innate Abilities, Weirdness & Mutations

You regenerate a little health from kills.


Message History

You shoot a bolt of flame.
The bolt of flame closely misses the ice beast.
The ice beast misses you. The ice beast barely misses you.
Firing (i - inventory. (,) - cycle):
i - 3 bolts of flame (quivered)
Press: ? - help, Shift-Dir - straight line, f/p - ice beast
Aim: an ice beast (severely wounded)
You shoot a bolt of flame.
The bolt of flame hits the ice beast but does no damage.
The bolt of flame melts the ice beast.
The ice beast is severely wounded.
The ice beast hits you but does no damage.
Firing (i - inventory. (,) - cycle):
i - 2 bolts of flame (quivered)
Press: ? - help, Shift-Dir - straight line, f/p - ice beast
Aim: an ice beast (severely wounded)
You shoot a bolt of flame.
The bolt of flame hits the ice beast but does no damage.
The bolt of flame melts the ice beast.
The ice beast is almost dead.
The ice beast hits you. The ice beast freezes you!
You die...

. .. ...
##.... #...#
######...##..
#....@.......
#...Y........
#...##...##.#
#... ..## #..
### #..( ...(
(#..


You could see an ice beast.

Vanquished Creatures
  An adder (D:2)
  2 worms (D:2)
  2 giant geckos (D:2)
  A ball python (D:1)
  3 giant cockroaches
  7 goblins
  8 hobgoblins
  A quokka (D:2)
  7 bats
  2 giant newts
  A kobold (D:2)
  7 rats
42 creatures vanquished.

Notes
Turn   | Place    | Note
--------------------------------------------------------------
     0 | D:1      | Chiseanne the Demonspawn Wanderer began the quest for the Orb.
     0 | D:1      | Chiseanne set off with: a +2 falchion, a +0 hand crossbow, 19 bolts, a potion of curing, a +0 robe, a bread ration
     0 | D:1      | Reached XP level 1. HP: 19/19 MP: 1/1
   296 | D:1      | Gained mutation: You regenerate a little health from kills. [demonic ancestry]
   296 | D:1      | Reached XP level 2. HP: 21/25 MP: 2/2
   555 | D:1      | Reached skill level 1 in Armour
   860 | D:2      | Reached XP level 3. HP: 5/31 MP: 3/3
  1176 | D:2      | Found a radiant altar of Vehumet.
  1572 | D:3      | Noticed an ice beast
  1584 | D:3      | Slain by an ice beast

Vault maps used:
D:1:      saegor_arrival_simple_f, item_on_display_a
D:2:      vehumet_crystals, first_bread, amalloy_card_club
D:3:      minmay_goblin_kobold_castle, lightli_temple_of_fire,
          nicolae_overflow_crystal_walls, grunt_dithmenos_smoke_and_mirrors,
          st_stairs_3, nicolae_ru_sacrificial_ziggurat

Action                   || total
-------------------------++-------
Melee: Falchion          ||   152
 Fire: Hand crossbow     ||    19
  Use: Scroll            ||     6
 Stab: Sleeping          ||     1
  Eat: Chunk             ||     2
